 Dungeon Crawl Stone Soup version 0.28-a0-1128-gb845255321 (webtiles) character file.

Game seed: 18198769270546375286

1821 BinkBink the Ruffian (level 8, -21/75 HPs)
             Began as a Troll Monk on Dec 12, 2021.
             Was an Initiate of Gozag.
             Demolished by a boulder beetle (37 damage)
             ... on level 7 of the Dungeon.
             The game lasted 00:07:14 (4558 turns).

BinkBink the Ruffian (Troll Monk)                   Turns: 4558, Time: 00:07:15

Health: -21/75     AC:  4    Str: 26    XL:     8   Next: 85%
Magic:  7/7        EV: 12    Int:  8    God:    Gozag
Gold:   828        SH:  0    Dex: 14    Spells: 7/7 levels left

rFire   . . .      SeeInvis .     - Unarmed
rCold   . . .      Faith    .   (no shield)
rNeg    . . .      Spirit   .   a - +0 robe
rPois   .          Reflect  .   (helmet restricted)
rElec   .          Harm     .   (no cloak)
rCorr   .          Rampage  .   (gloves unavailable)
Will    .....                   (boots unavailable)
Stlth   +.........              (no amulet)
HPRegen 1.02/turn               s - +6 ring of strength
MPRegen 0.10/turn               (no ring)

@: silenced, on berserk cooldown
A: large, unfitting armour, claws 3, regeneration 1, shaggy fur 1, tough skin 1,
clever 1
a: Renounce Religion


You were on level 7 of the Dungeon.
You worshipped Gozag.
Gozag was pleased with you.
You visited 1 branch of the dungeon, and saw 7 of its levels.

You collected 828 gold pieces.

Inventory:

Hand Weapons
 o - a +0 demon blade of electrocution
Missiles
 b - 2 throwing nets (quivered)
Armour
 a - a +0 robe (worn)
Magical Staves
 j - a staff of conjuration
Jewellery
 s - a +6 ring of strength (left claw)
Wands
 m - a wand of polymorph (13)
 v - a wand of flame (4)
Scrolls
 e - 7 scrolls of teleportation
 f - a scroll of noise
 k - a scroll of enchant weapon {unknown}
 l - a scroll of fear {unknown}
 p - a scroll of summoning {unknown}
Potions
 h - 2 potions of haste


   Skills:
 - Level 3.3 Fighting
 * Level 4.5 Long Blades
 + Level 6.6 Dodging
 - Level 1.0 Stealth
 - Level 6.8 Unarmed Combat


You had 7 spell levels left.
You didn't know any spells.
Your spell library contained the following spells:

 Spells                   Type           Power      Damage    Failure   Level
 Foxfire                  Conj/Fire      0%         2x1d4     41%         1
 Conjure Flame            Conj/Fire      0%         6-21      78%         3
 Ignite Poison            Fire/Tmut/Pois 0%         N/A       78%         3
 Inner Flame              Hex/Fire       0%         N/A       78%         3
 Mephitic Cloud           Conj/Pois/Air  0%         N/A       78%         3
 Flame Wave               Conj/Fire      0%         2d4       99%         4
 Freezing Cloud           Conj/Ice/Air   0%         6-21      100%        5


Dungeon Overview and Level Annotations

Branches:
Dungeon (7/15)
 Temple: D:4-7

Altars:
Gozag

Annotations:
D:4 2 transporters
D:7 Dowan, Duvessa


Innate Abilities, Weirdness & Mutations

You are too large for most types of armour.
You have claws for hands.
Your natural rate of healing is unusually fast.
You are covered in fur. (AC +1)
You have tough skin. (AC +1)
Your mind is acute. (Int +2)


Message History

The boulder beetle bites you.
* * * LOW HITPOINT WARNING * * *
You feel less attractive to monsters.
You hit the boulder beetle but do no damage.
The boulder beetle is heavily wounded.
Your extra speed is starting to run out.
The boulder beetle leaps!
The boulder beetle leaps!
The boulder beetle curls into a ball and begins rolling!
You feel yourself slow down.
You hit the boulder beetle but do no damage.
The boulder beetle is heavily wounded.
You feel yourself speed up. The boulder beetle hits you!!
* * * LOW HITPOINT WARNING * * *
The boulder beetle stops rolling and uncurls.
The boulder beetle bites you but does no damage.
You feel better.
The boulder beetle leaps!
As you read the scroll labelled HIAXURHIOS, it crumbles to dust.
It is a scroll of amnesia.
You feel forgetful for a moment.
Your transformation is almost over.
The boulder beetle leaps!
As you read the scroll labelled OHOOWEUGIS, it crumbles to dust.
It is a scroll of identify.
e - 7 scrolls of teleportation
As you read the scroll labelled ZYUPRI HYIXEHO, it crumbles to dust.
You hear a loud clanging noise!
It was a scroll of noise.
You hear a shout! x2
As you read the scroll labelled RAACUG SIGHETA, it crumbles to dust.
A profound silence engulfs you.
It was a scroll of silence.
The boulder beetle leaps!
Magic scrolls do not work when you're silenced!
The boulder beetle curls into a ball and begins rolling!
You feel less wooden.
Your +0 robe unmelds from your body.
The boulder beetle hits you!!!
You die...
Your body crumbles into a pile of gold.

....... .......
......#........
......##.......
........?.....
............#
.....<......########
............##.##..#
$...........#..#$..#
.........$.)...$@B.#
##>...$#.$.......°.#
###............°.##
##.............#
##......#..####
#.......)..#
#............
#........#...#
....#.#..#..##


You could see a boulder beetle (rolling).

Vanquished Creatures
  Grinder (D:3)
  Menkaure (D:6)
  2 orc warriors
  A necrophage (D:6)
  2 ice beasts
  A sky beast (D:6)
  A kobold brigand (D:6)
  A bullfrog (D:7)
  A water moccasin zombie (D:6)
  A water moccasin skeleton (D:7)
  A centaur zombie (D:5)
  3 hounds
  2 orc priests
  A jelly (D:7)
  A bullfrog skeleton (D:6)
  2 iguanas
  3 orc wizards
  Natasha (thrice) (D:3)
  Ijyb (D:3)
  A hound zombie (D:5)
  A hound skeleton (D:4)
  A howler monkey zombie (D:5)
  3 gnolls (D:3)
  4 adders
  2 white imps
  3 ufetubi
  2 adder zombies (D:2)
  3 worms
  3 dart slugs
  20 orcs
  2 ball pythons (D:1)
  A bat skeleton (D:2)
  4 endoplasms
  2 giant cockroaches (D:3)
  11 goblins
  5 hobgoblins
  17 kobolds
  A ball python skeleton (D:2)
  4 bats
  2 frilled lizards
  4 rats
125 creatures vanquished.

Notes
Turn   | Place    | Note
-------+----------+-------------------------------------------
     0 | D:1      | BinkBink the Troll Monk began the quest for the Orb.
     0 | D:1      | Reached XP level 1. HP: 22/22 MP: 0/0
    97 | D:1      | Reached XP level 2. HP: 29/29 MP: 1/1
   930 | D:2      | Reached XP level 3. HP: 36/36 MP: 2/2
  1200 | D:2      | Found a faded altar of an unknown god.
  1224 | D:2      | Prayed at the altar of an unknown god.
  1224 | D:2      | Became a worshipper of Gozag Ym Sagoz the Greedy
  1415 | D:3      | Noticed Natasha
  1425 | D:3      | Killed Natasha
  1426 | D:3      | Reached XP level 4. HP: 41/44 MP: 3/3
  1576 | D:3      | Noticed Natasha
  1588 | D:3      | Noticed Grinder
  1593 | D:3      | Killed Natasha
  1642 | D:3      | Killed Grinder
  1643 | D:3      | Reached skill level 5 in Unarmed Combat
  1643 | D:3      | Reached XP level 5. HP: 38/53 MP: 4/4
  1643 | D:3      | Reached XP level 6. HP: 44/61 MP: 5/5
  1926 | D:3      | Noticed Ijyb
  1932 | D:3      | Killed Ijyb
  2049 | D:3      | Noticed Natasha
  2054 | D:3      | Killed Natasha
  2123 | D:4      | Found a transporter.
  2126 | D:4      | Found a transporter.
  2401 | D:4      | Reached XP level 7. HP: 60/60 MP: 6/6
  2994 | D:5      | Entered Level 5 of the Dungeon
  3208 | D:5      | Reached skill level 1 in Long Blades
  3767 | D:6      | Reached XP level 8. HP: 75/75 MP: 7/7
  3779 | D:6      | Reached skill level 5 in Dodging
  4291 | D:6      | Noticed Menkaure
  4299 | D:6      | Killed Menkaure
  4438 | D:7      | Noticed Duvessa
  4440 | D:7      | Noticed Dowan
  4519 | D:7      | Noticed a boulder beetle
  4523 | D:7      | Gained mutation: Your mind is acute. (Int +2) [potion of
                  | mutation]
  4546 | D:7      | HP: 4/112 [boulder beetle (28)]
  4558 | D:7      | Demolished by a boulder beetle

Illustrated notes

Levels and vault maps discovered:
D:1:      dpeg_arrival_chambers_temple_mockup, layout_loops_ring
D:2:      layout_basic, shapermc_ecumenical_altar_totnotflames, serial_undead,
          serial_undead_c, serial_undead_e, serial_undead_b, serial_undead_e
D:3:      layout_basic, uniq_ijyb, uniq_natasha, uniq_grinder
D:4:      gammafunk_steamed_eel, layout_basic, serial_bayou_pond_e
D:5:      layout_loops_ring
D:6:      cheibrodos_thug_alley, layout_cave_pools, uniq_menkaure
D:7:      layout_cave_pools, minmay_temple_entry_wispy, uniq_joseph,
          uniq_duvessa

Skill      XL: |  1  2  3  4  5  6  7  8 |
---------------+-------------------------+-----
Dodging        | 3 4 6 |  6.6
Unarmed Combat | 4 5 6 |  6.8
Fighting       | 3 |  3.3
Long Blades    | 2 4 |  4.5
Stealth        | |  1.0

Action                   |  1- 3 |  4- 6 |  7- 9 || total
-------------------------+-------+-------+-------++-------
Melee: Unarmed           |    83 |    93 |   203 ||   379
       Punch             |       |     3 |    11 ||    14
  Use: Potion            |       |       |     8 ||     8
       Scroll            |       |       |     4 ||     4
 Stab: Sleeping          |     3 |     3 |     6 ||    12
Armor: Robe              |    21 |    30 |    35 ||    86
       Skin              |       |       |     2 ||     2
Dodge: Dodged            |    54 |    60 |   106 ||   220

Table legend: (Time is in decaauts)
 A = Elapsed time spent in this place.
 B = Non-inter-level travel time spent in this place.
 C = Inter-level travel time spent in this place.
 D = Time resting spent in this place.
 E = Time spent auto-exploring this place.
 F = Levels seen in this place.
 G = Mean time per level.
                   A        B        C        D        E       F      G
               +--------+--------+--------+--------+--------+-----+--------+
         Total |   4517 |   4338 |    179 |      0 |   3379 |   7 |  645.3 |
       Dungeon |   4517 |   4338 |    179 |      0 |   3379 |   7 |  645.3 |
               +--------+--------+--------+--------+--------+-----+--------+

Top non-repeatable levels by time:
     D:4: 914 daAuts
     D:1: 779 daAuts
     D:6: 759 daAuts
     D:3: 685 daAuts
     D:5: 642 daAuts
     D:2: 597 daAuts
     D:7: 139 daAuts
